 Dungeon Crawl Stone Soup version 0.9.0-27-g8a39726 character file.

1452 greeb the Poker (level 8, -3/60 HPs)
             Began as a Demonspawn Chaos Knight on Nov 9, 2011.
             Was a Plaything of Xom.
             Slain by a hellwing (11 damage)
             ... summoned by Xom
             ... on Level 6 of the Dungeon.
             The game lasted 00:52:06 (5047 turns).

greeb the Poker (Demonspawn Chaos Knight)           Turns: 5047, Time: 00:52:06

HP  -3/60        AC  8     Str 15      XL: 8   Next:  2%
MP  10/10        EV 11     Int 15      God: Xom
Gold 366         SH  0     Dex 11      Spells:  0 memorised,  9 levels left

Res.Fire  : + . .   See Invis. : .   a - +2,+3 spear
Res.Cold  : . . .   Warding    : . . l - +1 ring mail "Doejel" {MR}
Life Prot.: . . .   Conserve   : .   (no shield)
Res.Acid. : . . .   Res.Corr.  : .   (no helmet)
Res.Poison: .       Clarity    : .   k - +0 cloak
Res.Elec. : .       Spirit.Shd : .   v - +0 pair of gloves
Sust.Abil.: . .     Stasis     : .   (no boots)
Res.Mut.  : .       Ctrl.Telep.: .   (no amulet)
Res.Rott. : .       Levitation : .   o - ring of protection from magic
Saprovore : . . .   Ctrl.Flight: .   n - +2 ring of evasion

@: very resistant to hostile enchantments, very unstealthy
A: conserve scrolls, deformed body 1, fire resistance 1, fast metabolism 1,
sense surroundings 1, spiny 1, AC +2, Str +1, Dex -1
a: Renounce Religion


You were on level 6 of the Dungeon.
You worshipped Xom.
You were a special plaything of Xom.
You were not hungry.

You visited 1 branch of the dungeon, and saw 6 of its levels.

You collected 346 gold pieces.

Inventory:

Hand weapons
 a - a +2,+3 spear (weapon)
Missiles
 m - 6 curare-tipped +1 needles
Armour
 k - a +0 cloak (worn)
 l - the +1 ring mail "Doejel" (worn) {MR}
   (You found it on level 5 of the Dungeon)

   It increases your resistance to enchantments.
 v - a +0 pair of gloves (worn)
Magical devices
 p - a wand of cold (9)
 q - a wand of draining (2)
Comestibles
 c - a bread ration
 f - 3 pears
 g - 2 bananas
 h - a sausage
 i - 2 chokos
 j - 2 apples
 s - 2 honeycombs
 x - a meat ration
Scrolls
 b - 4 scrolls of detect curse
 d - a scroll of random uselessness
 t - a scroll of magic mapping
 u - a scroll of remove curse
Jewellery
 n - a +2 ring of evasion (left hand)
 o - a ring of protection from magic (right hand)
Potions
 e - 2 potions of restore abilities


   Skills:
 + Level 4 Fighting
 + Level 5 Polearms
 + Level 4 Armour
 + Level 4 Dodging
 - Level 1 Stealth
 - Level 1 Traps & Doors
 - Level 1 Spellcasting
 - Level 1 Evocations


You had 9 spell levels left.
You didn't know any spells.

Dungeon Overview and Level Annotations

Branches:
Dungeon (6/27)
 Temple: D:4-7          Orc: D:6-11

Altars:

Shops:
D:5: (

Annotations
D:5 @


Innate Abilities, Weirdness & Mutations

You are partially covered in rugged brown scales (AC +2, +3% HP).
You are very good at protecting items from fire.
You passively map a small area around you.
You are partially covered in sharp spines.
Armour fits poorly on your unusually shaped body.
Your flesh is heat resistant.
You have a fast metabolism.
Your muscles are strong, but stiff (Str +1, Dex -1).


Message History

The hellwing hits you.
Drink which item? (? for menu, Esc to quit)
Okay, then.
You hit the neqoxec.
The neqoxec is moderately wounded.
The neqoxec hits you.
* * * LOW HITPOINT WARNING * * *
The hellwing barely misses you. The hellwing dodges your spines.
The hellwing hits you.
* * * LOW HITPOINT WARNING * * *
You hit the neqoxec.
The neqoxec is moderately wounded.
The neqoxec closely misses you. The hellwing hits you!
* * * LOW HITPOINT WARNING * * *
The hellwing hits you but does no damage.
You hit the neqoxec, but do no damage.
The neqoxec is moderately wounded.
The neqoxec barely misses you. The hellwing dodges your spines.
The hellwing hits you!
You die...

, * , * , , ,, ,
* ,* *** * *
#########... .
#43@45...# #.
#5######.# #. #.#
#. #)# * #. #.#
#. #.# #.
#.######.###
###.##..%.....a..
......#######.#..


You could see a hellwing, a sixfirhy, a neqoxec, an iron imp and a shadow imp.

Vanquished Creatures
  The ghost of Vidiiot the Magician, an experienced SEVM of Kikubaaqudgha (D:6)
  A black bear (D:5)
  A centaur (D:5)
  A phantom (D:5)
  2 giant frogs (D:6)
  An imp (D:5)
  2 hounds (D:5)
  2 orc priests (D:6)
  An orc wizard (D:3)
  2 scorpions
  2 worker ants
  6 snakes
  A giant mite (D:4)
  3 worms
  A giant eyeball (D:4)
  A giant gecko (D:4)
  11 orcs
  15 bats
  5 giant cockroaches
  13 hobgoblins
  9 kobolds
  3 quokkas
  3 small snakes (D:3)
  4 giant newts
  7 goblins
  10 rats
  3 toadstools
111 creatures vanquished.

Vanquished Creatures (others)
  A snake (D:5)
  4 toadstools
5 creatures vanquished.

Grand Total: 116 creatures vanquished

Notes
Turn   | Place    | Note
--------------------------------------------------------------
     0 | D:1      | greeb, the Demonspawn Chaos Knight, began the quest for the Orb.
     0 | D:1      | Reached XP level 1. HP: 16/16 MP: 1/1
   199 | D:1      | XOM: miscast effect
   241 | D:1      | XOM: miscast effect
   297 | D:1      | Reached skill level 1 in Dodging
   339 | D:1      | Reached XP level 2. HP: 12/22 MP: 2/2
   681 | D:1      | XOM: cast spell 'Detect Creatures'
   861 | D:1      | XOM: cast spell 'Detect Creatures'
   881 | D:2      | XOM: cast spell 'Blink'
   901 | D:2      | XOM: miscast effect
   983 | D:2      | Gained mutation: You are partially covered in rugged brown scales (AC +2, +3% HP).
   983 | D:2      | Gained mutation: You are partially covered in sharp spines.
   983 | D:2      | Reached XP level 3. HP: 16/28 MP: 3/3
  1221 | D:2      | Reached skill level 4 in Fighting
  1402 | D:2      | XOM: miscast effect
  1512 | D:3      | Found a glowing drain.
  1562 | D:3      | XOM: cast spell 'Confusing Touch'
  1710 | D:3      | Reached skill level 1 in Stealth
  1770 | D:3      | Reached XP level 4. HP: 36/36 MP: 4/4
  1908 | D:3      | Gained mutation: You are robust (+10% HP).
  1908 | D:3      | Gained mutation: You are clumsy (Dex -1).
  1909 | D:3      | Gained mutation: Your muscles are strong, but stiff (Str +1, Dex -1).
  1909 | D:3      | Lost mutation: You are clumsy (Dex -1).
  1909 | D:3      | Gained mutation: You have a fast metabolism.
  1982 | D:3      | XOM: give mutation
  1982 | D:3      | Gained mutation: You are weak (Str -1).
  2018 | D:3      | Reached skill level 1 in Traps & Doors
  2082 | D:3      | XOM: miscast effect
  2197 | D:4      | Reached skill level 1 in Spellcasting
  2203 | D:4      | Paralysed by a giant eyeball for 3 turns
  2295 | D:4      | Gained mutation: You are very good at protecting items from fire.
  2295 | D:4      | Reached XP level 5. HP: 39/45 MP: 6/6
  2863 | D:4      | XOM: miscast effect
  2924 | D:5      | Entered Level 5 of the Dungeon
  2931 | D:5      | Found Ikhlalah's Weapon Emporium.
  2971 | D:5      | Got a faintly humming ring mail
  2982 | D:5      | Identified the +1 ring mail "Doejel" (You found it on level 5 of the Dungeon)
  3224 | D:5      | Reached XP level 6. HP: 37/53 MP: 7/7
  3287 | D:5      | XOM: give mutations
  3287 | D:5      | Gained mutation: Your flesh is heat resistant.
  3287 | D:5      | Lost mutation: You are weak (Str -1).
  3287 | D:5      | Gained mutation: Armour fits poorly on your unusually shaped body.
  3287 | D:5      | Lost mutation: You are robust (+10% HP).
  3710 | D:5      | Reached skill level 5 in Polearms
  3710 | D:5      | Gained mutation: You passively map a small area around you.
  3710 | D:5      | Reached XP level 7. HP: 29/53 MP: 8/8
  3911 | D:5      | XOM: torment (28/53 hp)
  4700 | D:6      | Noticed Vidiiot's ghost (experienced SEVM)
  4745 | D:6      | Defeated Vidiiot's ghost
  4753 | D:6      | Reached skill level 1 in Evocations
  4765 | D:6      | Reached XP level 8. HP: 30/60 MP: 10/10
  4859 | D:6      | XOM: torment (22/60 hp)
  5039 | D:6      | XOM: summons 5 hostile demons
  5047 | D:6      | Slain by a hellwing
